 Dungeon Crawl Stone Soup version 0.32-a0-470-g255bbe2f98 (webtiles) character file.

Game seed: 16629469322230334364

321 Kenran the Shooter (level 6, -6/44 (49) HPs)
             Began as a Minotaur Hedge Wizard on Feb 25, 2024.
             Was an Initiate of Gozag.
             Mangled by a wight
             ... wielding a +4 trident
              (14 damage)
             ... on level 4 of the Dungeon.
             The game lasted 00:06:45 (3146 turns).

Kenran the Shooter (Minotaur Hedge Wizard)          Turns: 3146, Time: 00:06:45

HP:   -6/44 (49)    AC:  4    Str: 14    XL:     6   Next: 22%
MP:   8/8           EV: 11    Int: 11    God:    Gozag
Gold: 361           SH:  0    Dex: 12    Spells: 8/9 levels left

rFire   . . .        a - +0 shortbow
rCold   . . .        (shield currently unavailable)
rNeg    . . .        j - +0 leather armour
rPois   .            c - +0 hat
rElec   .            (no cloak)
rCorr   .            l - +0 pair of gloves
SInv    .            (no boots)
Will    .....        (no amulet)
Stlth   +            (no ring)
HPRegen 0.27/turn    (no ring)
MPRegen 0.11/turn

%: no passive effects
@: about to teleport, heavily drained
A: horns 2, retaliatory headbutt
a: Renounce Religion, Potion Petition, Call Merchant, Bribe Branch


You were on level 4 of the Dungeon.
You worshipped Gozag.
Gozag was aware of your devotion.
You visited 1 branch of the dungeon, and saw 4 of its levels.

You collected 452 gold pieces.
You spent 50 gold pieces at shops.
You paid 41 gold pieces to Gozag.

Inventory:

Hand Weapons
 a - a +0 shortbow (weapon)
 b - a +5 club
Missiles
 s - 2 throwing nets
Armour
 c - a +0 hat (worn)
 j - a +0 leather armour (worn)
 l - a +0 pair of gloves (worn)
Wands
 e - a wand of iceblast (9)
 t - a wand of charming (6)
Scrolls
 h - a scroll of teleportation
 i - a scroll of torment {unknown}
 k - a scroll of revelation
 m - 2 scrolls of poison {unknown}
 u - a scroll of fear {unknown}
Potions
 d - a potion of magic
 f - a potion of enlightenment {unknown}
 g - 2 potions of cancellation {unknown}
 n - a potion of might {unknown}
 o - a potion of berserk rage {unknown}
 q - a potion of resistance {unknown}
 r - a potion of attraction {unknown}


   Skills:
 - Level 2.3 Fighting
 + Level 6.3 Ranged Weapons
 - Level 2.1 Dodging
 - Level 1.5 Stealth
 - Level 2.1 Spellcasting
 - Level 0.6 Conjurations
 - Level 0.6 Summonings
 - Level 0.6 Translocations


You had 8 spell levels left.
You knew the following spells:

 Your Spells              Type           Power      Damage    Failure   Level
a - Magic Dart            Conj           8%         1d3       28%         1

Your spell library contained the following spells:

 Spells                   Type           Power      Damage    Failure   Level
 Summon Small Mammal      Summ           8%         N/A       28%         1
 Slow                     Hex            4%         N/A       36%         1
 Blink                    Tloc           4%         N/A       41%         2
 Call Imp                 Summ           4%         N/A       41%         2
 Cigotuvi's Dreadful Rot  Necr/Alch/Air  2%         N/A       50%         2
 Call Canine Familiar     Summ           2%         N/A       65%         3
 Mephitic Cloud           Conj/Alch/Air  1%         N/A       71%         3
 Summon Blazeheart Golem  Fire/Summ      1%         N/A       97%         4


Dungeon Overview and Level Annotations

Branches:
Dungeon (4/15)             Temple (0/1) D:4

Altars:
Gozag
Sif Muna
Xom
The Shining One

Shops:
D:2 ?


Innate Abilities, Weirdness & Mutations

You have a pair of horns on your head.
You reflexively headbutt those who attack you in melee.


Message History

You shoot an arrow. The arrow barely misses the wight.
The wight barely misses you.
Fire: a) +0 shortbow
Press: ? - help, Q - select action, (/) - cycle Shift-Dir - straight line, f/p - wight
Aim: a wight, wielding a +4 trident and wearing a +0 robe (heavily damaged, 62% to hit)
You shoot an arrow. The arrow closely misses the wight.
A dart slug comes into view.
The wight hits you from afar with a +4 trident!
You feel drained.
Fire: a) +0 shortbow
Press: ? - help, Q - select action, (/) - cycle Shift-Dir - straight line, f/p - wight
Aim: a wight, wielding a +4 trident and wearing a +0 robe (heavily damaged, 62% to hit)
You shoot an arrow. The arrow barely misses the wight.
The wight hits you from afar with a +4 trident!
* * * LOW HITPOINT WARNING * * *
It was a potion of curing.
You feel better. The wight closely misses you.
You feel better.
The wight hits you from afar with a +4 trident.
You feel drained.
Fire: a) +0 shortbow
Press: ? - help, Q - select action, (/) - cycle Shift-Dir - straight line, f/p - wight
Aim: a wight, wielding a +4 trident and wearing a +0 robe (heavily damaged, 62% to hit)
You shoot an arrow. The arrow barely misses the wight.
The wight hits you from afar with a +4 trident!
* * * LOW HITPOINT WARNING * * *
Fire: a) +0 shortbow
Press: ? - help, Q - select action, (/) - cycle Shift-Dir - straight line, f/p - wight
Aim: a wight, wielding a +4 trident and wearing a +0 robe (heavily damaged, 62% to hit)
You shoot an arrow. The arrow closely misses the wight.
The wight hits you from afar with a +4 trident.
* * * LOW HITPOINT WARNING * * *
You feel drained.
* * * LOW HITPOINT WARNING * * *
Okay, then.
You feel better. The wight closely misses you.
As you read the scroll of teleportation, it crumbles to dust.
You feel strangely unstable.
The wight hits you from afar with a +4 trident!
You die...
Your body crumbles into a pile of gold.

#...#≣#...#≣#)..#≣ ##..
.....#.#≣#.#)....##### ##...
#...#...#.).#...#..).## ###..##
≣###≣...#...≣###≣.##..##
##...##
#...#...#...#...#.###..###...##
.....#.#≣#.#.....## ##)##..###
#...#≣#...#≣#...#≣ #....##
.#≣#.#.....#.#≣#.## ##...##
..#...#...#...#.@.###..###
..#...≣###≣...#...≣..)##
..#...#...#...#..z#..## #
.#≣#.#.....#.#≣#.#w.####....
#...#≣#...#≣#...#≣..$.......
.....#.#≣#.#.....#..........
#...#...#...#...#..#........
≣###≣...#...≣###≣..#.≈§≈≈≈..
#...#...#...#...#..#.≈○≈§☼..


You could see a wight and a dart slug.

Vanquished Creatures
  A scorpion (D:3)
  2 hounds (D:4)
  Robin (D:4)
  3 gnolls (D:3)
  8 adders
  2 ribbon worms
  4 dart slugs
  5 orcs
  6 endoplasms
  A giant cockroach (D:4)
  14 goblins
  10 hobgoblins
  3 jackals (D:4)
  5 kobolds
  3 quokkas
  6 ball pythons
  2 bats
  A rat (D:1)
77 creatures vanquished.

Notes
Turn   | Place    | Note
-------+----------+-------------------------------------------
     0 | D:1      | Kenran the Minotaur Hedge Wizard began the quest for the
                  | Orb.
     0 | D:1      | Reached XP level 1. HP: 14/14 MP: 2/2
   175 | D:1      | Reached skill level 1 in Fighting
   441 | D:1      | Reached XP level 2. HP: 24/24 MP: 4/4
   575 | D:1      | Reached skill level 1 in Ranged Weapons
  1063 | D:2      | Reached skill level 2 in Ranged Weapons
  1063 | D:2      | Reached XP level 3. HP: 21/30 MP: 5/5
  1089 | D:2      | HP: 1/30 [ribbon worm (6)]
  1500 | D:2      | Reached skill level 3 in Ranged Weapons
  1506 | D:2      | Found Zirokk's Magic Scroll Emporium.
  1509 | D:2      | Bought a scroll of identify for 20 gold pieces
  1509 | D:2      | Bought a scroll of teleportation for 30 gold pieces
  1563 | D:3      | Reached XP level 4. HP: 37/37 MP: 6/6
  1698 | D:3      | Found an opulent altar of Gozag.
  1713 | D:3      | Became a worshipper of Gozag Ym Sagoz the Greedy
  1741 | D:3      | Noticed a scorpion
  1750 | D:3      | Killed a scorpion
  1751 | D:3      | Reached skill level 4 in Ranged Weapons
  1751 | D:3      | Reached XP level 5. HP: 42/42 MP: 7/7
  1841 | D:3      | Reached skill level 5 in Ranged Weapons
  1893 | D:3      | Found a shimmering altar of Xom.
  2062 | D:3      | Found a glowing golden altar of the Shining One.
  2328 | D:4      | Found a staircase to the Ecumenical Temple.
  2475 | D:4      | Reached skill level 6 in Ranged Weapons
  2475 | D:4      | Reached XP level 6. HP: 33/49 MP: 8/8
  2644 | D:4      | Noticed Robin
  2729 | D:4      | Killed Robin
  3082 | D:4      | Found a shimmering blue altar of Sif Muna.
  3144 | D:4      | HP: 2/44 [wight/+4 trident (1)]
  3146 | D:4      | Mangled by a wight

Illustrated notes

Levels and vault maps discovered:
D:1:      tarquinn_simple_flora_water_e, layout_basic, st_stairs_2
D:2:      layout_basic, serial_shops, nicolae_shop_tiny_real_fake_doors
D:3:      layout_loops_ring, xom_teletrap_fun, marbit_many_paths,
          grunt_gozag_breadcrumbs
D:4:      nicolae_cairo_tiling, layout_cave_pods, nicolae_sif_muna_condensation,
          nicolae_uskayaw_en_pointe, mainiacjoe_overflow_24_doors, uniq_robin

Skill      XL: |  1  2  3  4  5 |
---------------+----------------+-----
Fighting       | 2 |  2.3
Ranged Weapons | 2 3 4 6 |  6.3
Dodging        | |  2.1
Stealth        | |  1.5
Spellcasting   | |  2.1
Conjurations   | |  0.6
Summonings     | |  0.6
Translocations | |  0.6

Action                     |  1- 3 |  4- 6 || total
---------------------------+-------+-------++-------
  Melee: Short sword       |    24 |       ||    24
         Headbutt          |     2 |     1 ||     3
         Mace              |    14 |     3 ||    17
   Fire: Sling             |    83 |    13 ||    96
         Shortbow          |       |   179 ||   179
  Evoke: Wand              |       |     1 ||     1
    Use: Scroll            |     3 |     1 ||     4
         Potion            |       |     3 ||     3
 Armour: Leather armour    |    42 |    78 ||   120
  Dodge: Dodged            |    54 |    59 ||   113

Table legend: (Time is in decaauts)
 A = Elapsed time spent in this place.
 B = Non-inter-level travel time spent in this place.
 C = Inter-level travel time spent in this place.
 D = Time resting spent in this place.
 E = Time spent auto-exploring this place.
 F = Levels seen in this place.
 G = Mean time per level.
                   A        B        C        D        E       F      G
               +--------+--------+--------+--------+--------+-----+--------+
         Total |   3207 |   3112 |     95 |    273 |   1968 |   4 |  801.8 |
       Dungeon |   3207 |   3112 |     95 |    273 |   1968 |   4 |  801.8 |
               +--------+--------+--------+--------+--------+-----+--------+

Top non-repeatable levels by time:
     D:1: 1046 daAuts
     D:4: 906 daAuts
     D:3: 719 daAuts
     D:2: 535 daAuts
